 Dungeon Crawl Stone Soup version 0.30-a0-777-ga9a30cbeda (webtiles) character file.

Game seed: 6897772465457254832

51 BRD the Sneak (level 4, -8/27 HPs)
             Began as a Kobold Brigand on Feb 14, 2023.
             Mangled by Sigmund
             ... wielding a +0 scythe
              (11 damage)
             ... on level 2 of the Dungeon.
             The game lasted 00:02:16 (1193 turns).

BRD the Sneak (Kobold Brigand)                      Turns: 1193, Time: 00:02:16

Health: -8/27      AC:  3    Str:  8    XL:     4   Next: 5%
Magic:  4/4        EV: 15    Int: 12    God:
Gold:   88         SH:  0    Dex: 18    Spells: 3/3 levels left

rFire   . . .      SeeInvis .    h - +3 dagger
rCold   . . .      Faith    .    (no shield)
rNeg    . . .      Spirit   .    b - +0 robe
rPois   .          Reflect  .    (no helmet)
rElec   .          Harm     .    c - +0 cloak
rCorr   .          Rampage  .    (no gloves)
Will    .....                    (no boots)
Stlth   ++++                     (no amulet)
HPRegen 0.24/turn                (no ring)
MPRegen 0.09/turn                (no ring)

@: no status effects
A: small, no large weapons, nightstalker 3
a: no special abilities


You were on level 2 of the Dungeon.
You visited 1 branch of the dungeon, and saw 2 of its levels.

You collected 88 gold pieces.

Inventory:

Hand Weapons
 h - a +3 dagger (weapon)
Missiles
 d - 10 poisoned darts (quivered)
Armour
 b - a +0 robe (worn)
 c - a +0 cloak (worn)
Scrolls
 j - 2 scrolls of poison {unknown}
Potions
 a - a potion of lignification {unknown}
 f - a potion of degeneration {unknown}
 g - a potion of haste {unknown}
 i - a potion of might {unknown}


   Skills:
 + Level 2.7 Fighting
 + Level 3.3 Short Blades
 + Level 2.8 Throwing
 + Level 2.1 Dodging
 + Level 5.7 Stealth


You had 3 spell levels left.
You didn't know any spells.
Your spell library was empty.

Dungeon Overview and Level Annotations

Branches:
Dungeon (2/15)

Altars:

Annotations:
D:2 Sigmund


Innate Abilities, Weirdness & Mutations

You are small and have problems with some larger weapons.
You are completely attuned to the shadows.


Message History

Deactivating autopickup; reactivate with Ctrl-A.
The goblin hits you but does no damage.
You barely miss the goblin. The goblin completely misses you.
You barely miss the goblin. Something hits you but does no damage.
The goblin misses you.
You hit the goblin.
You kill the goblin!
Throw: dart (curare)
Press: ? - help, Q - select action, (/) - cycle Shift-Dir - straight line You throw a curare-tipped dart.
Something hits you!
Throw: 15 darts (poison)
Press: ? - help, Q - select action Shift-Dir - straight line You throw a poisoned dart.
Something hits you!
* * * LOW HITPOINT WARNING * * *
Things that are here:
a +0 dagger; a goblin corpse Throw: 14 darts (poison)
Press: ? - help, Q - select action Shift-Dir - straight line You throw a poisoned dart.
Throw: 13 darts (poison)
Press: ? - help, Q - select action Shift-Dir - straight line You throw a poisoned dart.
Throw: 12 darts (poison)
Press: ? - help, Q - select action Shift-Dir - straight line You throw a poisoned dart.
You hear some strange, mumbled words.
A puff of flame appears from out of thin air!
The puff of flame hits you.
* * * LOW HITPOINT WARNING * * *
Throw: 11 darts (poison)
Press: ? - help, Q - select action Shift-Dir - straight line You throw a poisoned dart.
You hit something. Something barely misses you.
You closely miss something. You closely miss something.
Something barely misses you.
You closely miss something. You closely miss something. Something hits you!
You die...

.##.#......#.#.#
#############.
.............#.#
#....
.#############.#
#.### #.# # #
#.# # #.# # #.#
# #.# # #@# #
#(.{# # (<#.## #
# #. # ## ## #.
#. #. ..# #.


There were no monsters in sight!

Vanquished Creatures
  An adder (D:2)
  A worm (D:2)
  6 endoplasms
  2 giant cockroaches
  5 hobgoblins
  2 jackals (D:2)
  2 kobolds (D:1)
  A quokka (D:1)
  5 ball pythons
  3 bats (D:1)
  2 frilled lizards (D:1)
  3 goblins
  2 rats (D:1)
35 creatures vanquished.

Notes
Turn   | Place    | Note
-------+----------+-------------------------------------------
     0 | D:1      | BRD the Kobold Brigand began the quest for the Orb.
     0 | D:1      | Reached XP level 1. HP: 12/12 MP: 1/1
   180 | D:1      | Reached XP level 2. HP: 18/18 MP: 2/2
   743 | D:1      | Reached XP level 3. HP: 22/22 MP: 3/3
  1110 | D:2      | Reached XP level 4. HP: 27/27 MP: 4/4
  1173 | D:2      | Noticed Sigmund
  1187 | D:2      | HP: 1/27 [something/puff of flame (4)]
  1193 | D:2      | Mangled by Sigmund

Illustrated notes

Levels and vault maps discovered:
D:1:      ncdulo_watergridlock, layout_basic
D:2:      layout_basic, minmay_puff, uniq_sigmund, uniq_jessica

Skill      XL: |  1  2  3 |
---------------+----------+-----
Short Blades   | 3 |  3.3
Dodging        | 2 |  2.1
Fighting       | |  2.7
Throwing       | |  2.8
Stealth        | |  5.7

Action                     |  1- 3 |  4- 6 || total
---------------------------+-------+-------++-------
  Melee: Dagger            |    58 |     9 ||    67
  Throw: Dart              |       |     8 ||     8
   Stab: Sleeping          |    22 |     1 ||    23
 Armour: Robe              |     8 |     2 ||    10
  Dodge: Dodged            |    24 |     4 ||    28

Table legend: (Time is in decaauts)
 A = Elapsed time spent in this place.
 B = Non-inter-level travel time spent in this place.
 C = Inter-level travel time spent in this place.
 D = Time resting spent in this place.
 E = Time spent auto-exploring this place.
 F = Levels seen in this place.
 G = Mean time per level.
                   A        B        C        D        E       F      G
               +--------+--------+--------+--------+--------+-----+--------+
         Total |   1181 |   1149 |     32 |      0 |    953 |   2 |  590.5 |
       Dungeon |   1181 |   1149 |     32 |      0 |    953 |   2 |  590.5 |
               +--------+--------+--------+--------+--------+-----+--------+

Top non-repeatable levels by time:
     D:1: 969 daAuts
     D:2: 211 daAuts
